 Dungeon Sprint DCSS version 0.27.1-33-g824d729ab1 (webtiles) character file.

Game seed: 11279523190327580080

38219 Hipnos the Ninja (level 13, 0/75 HPs)
             Began as a Spriggan Brigand on Dec 1, 2021.
             Was the Champion of Okawaru.
             Engulfed by a cloud of foul pestilence (9 damage)
             ... in the Dungeon (Sprint I: "Red Sonja").
             The game lasted 00:38:48 (4995 turns).

Hipnos the Ninja (Spriggan Brigand)                 Turns: 4995, Time: 00:38:49

Health: 0/75       AC: 13    Str: 12    XL:     13   Next: 62%
Magic:  0/12       EV: 29    Int: 20    God:    Okawaru [******]
Gold:   469        SH:  8    Dex: 16    Spells: 12/12 levels left

rFire    + + +     SeeInvis +   O - +7 quick blade of Deformation {elec, rPois rF+ Str+4}
rCold    + + .     Faith    .   u - +1 buckler {AC+3}
rNeg     . . .     Spirit   +   T - +2 robe {rC+}
rPois    +         Reflect  .   x - +1 hat
rElec    +         Harm     .   t - +2 cloak {Will+}
rCorr    .         Rampage  .   (gloves unavailable)
Will     +++..     NoTele   +   (boots unavailable) Stlth *+++++++++
                                s - amulet of guardian spirit
HPRegen  0.22/turn              w - ring of Otaklego {rElec rF+ Int+6 Dex-5 Stlth+}
MPRegen  0.13/turn              A - ring of the Leaf {rF+ rC+ Dex+4}

@: slowed, quick
A: very small, no large weapons, unfitting armour, see invisible, speed 3,
iridescent scales 1, clumsy 1, low mp 1, screaming 1, inhibited regeneration,
subdued magic 1
a: Renounce Religion, Heroism, Finesse


You were in the Dungeon.
You worshipped Okawaru.
Okawaru was exalted by your worship.
You visited 1 branch You collected 6957 gold pieces.
You spent 6488 gold pieces at shops.

Inventory:

Hand Weapons
 a - a +2 dagger
 n - a +1 dagger of venom
 r - a +2 demon blade of venom
 D - the +7 rapier of the Present {freeze, rF+}
   (Okawaru gifted it to you in the Dungeon)

   It freezes those it strikes, dealing additional cold damage.
   It can also slow down cold-blooded creatures.
   rF:        It protects you from fire.
 E - a +0 shortbow of freezing
 F - the +2 short sword of the Pure Yaks {vamp, rPois rCorr}
   (You found it in the Dungeon)

   It occasionally heals its wielder for a portion of the damage dealt when it
   wounds a living foe.
   rPois:     It protects you from poison.
   rCorr:     It protects you from acid and corrosion.
 O - the +7 quick blade of Deformation (weapon) {elec, rPois rF+ Str+4}
   (You acquired it in the Dungeon)

   It occasionally discharges a powerful burst of electricity upon striking a
   foe.
   Str:       It affects your strength (+4).
   rF:        It protects you from fire.
   rPois:     It protects you from poison.
 R - the +3 quick blade of Ostraufer {antimagic, +Rage}
   (You acquired it in the Dungeon)

   It reduces the magical energy of the wielder, and disrupts the spells and
   magical abilities of those it strikes.
   Natural abilities and divine invocations are not affected.
   +Rage:     It lets you go berserk.
 S - a +2 rapier of venom
Missiles
 d - 6 poisoned darts
 e - 12 curare-tipped darts
 g - 6 atropa-tipped darts (quivered)
 q - 3 datura-tipped darts
Armour
 b - a +0 robe
 c - a +0 cloak
 t - a +2 cloak of willpower (worn)
 u - a +1 buckler of protection (worn)
 x - a +1 hat (worn)
 y - a scarf of invisibility
 z - a +2 robe of the Archmagi
 K - a +1 buckler of positive energy
 T - a +2 robe of cold resistance (worn)
Jewellery
 s - an amulet of guardian spirit (around neck)
 w - the ring of Otaklego (left hand) {rElec rF+ Int+6 Dex-5 Stlth+}
   (You bought it in a shop in the Dungeon)

   [ring of protection from fire]

   Int:       It affects your intelligence (+6).
   Dex:       It affects your dexterity (-5).
   rF:        It protects you from fire.
   rElec:     It insulates you from electricity.
   Stlth:     It makes you more stealthy.
 A - the ring of the Leaf (right hand) {rF+ rC+ Dex+4}
   (You acquired it in the Dungeon)

   [ring of protection from cold]

   Dex:       It affects your dexterity (+4).
   rF:        It protects you from fire.
   rC:        It protects you from cold.
 C - the ring of Irayled {rC+ Int+6 Dex+5}
   (You found it in the Dungeon)

   [ring of intelligence]

   Int:       It affects your intelligence (+6).
   Dex:       It affects your dexterity (+5).
   rC:        It protects you from cold.
 U - the ring of Xulizar {+Blink rPois MP+9 SInv Stlth+}
   (You found it in the Dungeon)

   [ring of magical power]

   rPois:     It protects you from poison.
   MP:        It affects your magic capacity (+9).
   SInv:      It lets you see invisible.
   +Blink:    It lets you blink.
   Stlth:     It makes you more stealthy.
 V - a +6 ring of dexterity
Wands
 G - a wand of flame (15)
Scrolls
 k - 2 scrolls of blinking
 m - 2 scrolls of enchant armour
 o - a scroll of vulnerability {unknown}
 p - 4 scrolls of identify {unknown}
 v - 2 scrolls of silence
 B - a scroll of amnesia {unknown}
 M - 4 scrolls of enchant weapon
Potions
 f - 3 potions of curing
 h - 5 potions of haste
 i - 2 potions of magic
 j - a potion of berserk rage
 l - a potion of cancellation {unknown}
 H - a potion of degeneration {unknown}
 I - a potion of invisibility
 J - a potion of might
 P - a potion of flight
Miscellaneous
 L - a box of beasts


   Skills:
 + Level 12.1 Fighting
 + Level 15.6 Short Blades
 * Level 18.0 Throwing
 + Level 17.8 Dodging
 O Level 27 Stealth
 + Level 5.1 Shields
 + Level 4.1 Evocations


You had 12 spell levels left.
You didn't know any spells.
Your spell library contained the following spells:

 Spells                   Type           Power      Damage    Failure   Level
 Freezing Cloud           Conj/Ice/Air   0%         6-21      99%         5
 Iskenderun's Battlesphe  Conj           0%         2d6       99%         5
 Lightning Bolt           Conj/Air       0%         1d11      99%         5
 Conjure Ball Lightning   Conj/Air       0%         3x3d6     100%        6
 Iron Shot                Conj/Erth      0%         9d1       100%        6
 Spellforged Servitor     Conj/Summ      0%         N/A       100%        7


Dungeon Overview and Level Annotations

Branches:
Dungeon (1/1)

Altars:
Cheibriados
Dithmenos
Elyvilon
Fedhas
Gozag
Hepliaklqana
Kikubaaqudgha
Makhleb
Nemelex Xobeh
Okawaru
Qazlal
Ru
Sif Muna
Trog
Uskayaw
Vehumet
Wu Jian
Xom
Yredelemnul
Zin
The Shining One
Jiyva
Lugonu

Shops:
D [?*:!!=?[*?:?[!=[(([[!

Annotations:
D exclusion: oklob plant, Tiamat


Innate Abilities, Weirdness & Mutations

You are very small and have problems with some larger weapons.
You are too small for most types of armour.
You have supernaturally acute eyesight. (SInv)
You cover ground extremely quickly. (Speed+++)
You are partially covered in iridescent scales. (AC +2)
You are clumsy. (Dex -2)
Your magical capacity is low. (-10% MP)
You occasionally shout uncontrollably at your foes.
You do not regenerate when monsters are visible.
Your spells are a little easier to cast, but a little less powerful.


Message History

You feel as though you will be slow longer.
You feel very sick.
Really walk into that cloud of foul pestilence?
Okay, then.
You feel better.
You are engulfed in dark miasma.
You are engulfed in dark miasma.
You are poisoned.
You feel as though you will be slow longer.
* * * LOW HITPOINT WARNING * * *
You feel very sick.
You see here an atropa-tipped dart.
You are engulfed in dark miasma.
* * * LOW HITPOINT WARNING * * *
x2 You feel very sick.
You see here an atropa-tipped dart.
You feel much better.
You are engulfed in dark miasma.
Your hearing returns.
You feel very sick.
You are engulfed in dark miasma.
* * * LOW HITPOINT WARNING * * *
You feel sick.
You see here a datura-tipped dart.
You feel better.
You are engulfed in dark miasma.
* * * LOW HITPOINT WARNING * * *
Press: ? - help, v - describe, . - travel, g - get item
Items here: a +3 rapier of draining; 3 boomerangs; 8 atropa-tipped darts.
An arrow trap.
Blink to where?
Press: ? - help, Dir - move target Really blink into that arrow trap?
An arrow shoots out and hits your shield.
As you read the scroll of blinking, it crumbles to dust.
You are engulfed in dark miasma.
You are lethally poisoned!
* * * LOW HITPOINT WARNING * * *
x2 You feel very sick.
You feel better.
You are engulfed in dark miasma.
You feel as though you will be slow longer.
You die...

.#..## #..#+###..≈#..^^^§....
.#..# ##...#P≈..##.^§§§.....
§##'# ###.#M≈..#§§.§§§..... §##.#
#.###..#§.§§....... §####
#.#.'..##..§§.^^^^. §#
####'#°##'##...§...... .#####
###....#°#≈≈≈##........#
.#.((#####...####°#≈≈≈≈##[.[((.##
##(.)..)(..###°°@°#≈≈≈≈≈########.
(.()..)#####○○°°####≈≈≈≈#≈≈≈≈≈#°.
.(....##°○○○○^..#..#'≈≈≈'≈≈.≈≈'°.
.....##..°○○○°°°#...##≈≈#≈≈≈≈≈#≈≈
.....# .°°°°°○○(#....######'#####
###### ##°°°○○○#....#≈≈≈≈≈≈≈≈≈≈#
≈≈≈≈≈≈≈≈d#..○○○○#######≈≈≈)≈≈≈≈≈≈
##########^..^○.°°)#.}'...≈≈≈≈≈≈≈
..0..+ .°°°.°.^°#|.'}.#........≈≈


There were no monsters in sight!

Vanquished Creatures
  Lom Lobon (D)
  the Lernaean hydra (D)
  A golden dragon (D)
  A deep elf master archer (D)
  A shadow dragon (D)
  2 fire giants (D)
  A deep elf annihilator (D)
  A centaur warrior (D)
  A hydra (D)
  Sonja (D)
  A deep troll (D)
  A lindwurm (D)
  An oklob plant (D)
  2 merfolk sirens (D)
  8 shining eyes (D)
  2 gargoyles (D)
  7 unseen horrors (D)
  2 kobold demonologists (D)
  4 demonic crawlers (D)
  A hellwing (D)
  A slime creature (D)
  2 hornets (D)
  2 redbacks (D)
  Sigmund (D)
  13 hogs (D)
  A yak (D)
  7 floating eyes (D)
  7 necrophages (D)
  An ogre (D)
  8 jellies (D)
  Ijyb (D)
  A ballistomycete spore (D)
85 creatures vanquished.

Vanquished Creatures (collateral kills)
  2 fire giants (D)
2 creatures vanquished.

Vanquished Creatures (others)
  A centaur warrior (D)
  3 hornets (D)
  A ballistomycete spore (D)
5 creatures vanquished.

Grand Total: 92 creatures vanquished

Notes
Turn   | Place    | Note
-------+----------+-------------------------------------------
     0 | D        | Hipnos the Spriggan Brigand began the quest for the Orb.
     0 | D        | Reached XP level 1. HP: 10/10 MP: 2/2
     1 | D        | Noticed Ijyb
     4 | D        | Killed Ijyb
     5 | D        | Reached skill level 9 in Stealth
     5 | D        | Reached XP level 2. HP: 15/15 MP: 3/3
     7 | D        | Noticed an ogre
    40 | D        | Killed an ogre
    41 | D        | Reached skill level 13 in Stealth
    41 | D        | Reached XP level 3. HP: 18/18 MP: 4/4
    41 | D        | Reached XP level 4. HP: 23/23 MP: 5/5
    75 | D        | Noticed Sigmund
    78 | D        | Killed Sigmund
    79 | D        | Reached skill level 5 in Throwing
    79 | D        | Reached skill level 15 in Stealth
    79 | D        | Reached XP level 5. HP: 27/27 MP: 6/6
    90 | D        | Found an ornate altar of the Wu Jian Council.
    90 | D        | Found a shimmering blue altar of Sif Muna.
    92 | D        | Found a radiant altar of Vehumet.
   111 | D        | Reached skill level 16 in Stealth
   111 | D        | Reached XP level 6. HP: 30/32 MP: 7/7
   125 | D        | Found Xuischunt's Book Emporium.
   125 | D        | Found an ancient bone altar of Kikubaaqudgha.
   125 | D        | Found a hazy altar of Hepliaklqana.
   125 | D        | Found a stormy altar of Qazlal.
   125 | D        | Found a hide-covered altar of Uskayaw.
   125 | D        | Found a blossoming altar of Fedhas.
   125 | D        | Found a bloodstained altar of Trog.
   125 | D        | Found an iron altar of Okawaru.
   125 | D        | Found a basalt altar of Yredelemnul.
   125 | D        | Found a glowing golden altar of the Shining One.
   125 | D        | Found a snail-covered altar of Cheibriados.
   125 | D        | Found a sacrificial altar of Ru.
   125 | D        | Found a glowing silver altar of Zin.
   125 | D        | Found a shadowy altar of Dithmenos.
   125 | D        | Found a white marble altar of Elyvilon.
   125 | D        | Noticed a yak
   126 | D        | Found an opulent altar of Gozag.
   127 | D        | Killed a yak
   128 | D        | Reached skill level 17 in Stealth
   128 | D        | Found a sparkling altar of Nemelex Xobeh.
   133 | D        | Became a worshipper of Warmaster Okawaru
   167 | D        | Found a burning altar of Makhleb.
   167 | D        | Found a viscous altar of Jiyva.
   167 | D        | Found a shimmering altar of Xom.
   167 | D        | Found a corrupted altar of Lugonu.
   167 | D        | Noticed a slime creature
   170 | D        | Killed a slime creature
   171 | D        | Reached skill level 19 in Stealth
   171 | D        | Reached XP level 7. HP: 36/36 MP: 8/8
   182 | D        | Noticed a kobold demonologist
   183 | D        | Noticed a kobold demonologist
   185 | D        | Reached * piety under Okawaru
   187 | D        | Killed a kobold demonologist
   188 | D        | Reached skill level 5 in Short Blades
   188 | D        | Reached skill level 20 in Stealth
   188 | D        | Killed a kobold demonologist
   189 | D        | Reached skill level 21 in Stealth
   189 | D        | Reached XP level 8. HP: 40/40 MP: 9/9
   193 | D        | Noticed a demonic crawler
   193 | D        | Noticed a demonic crawler
   193 | D        | Noticed a demonic crawler
   193 | D        | Noticed a demonic crawler
   195 | D        | Killed a demonic crawler
   195 | D        | Reached ** piety under Okawaru
   196 | D        | Reached skill level 22 in Stealth
   196 | D        | Killed a demonic crawler
   198 | D        | Killed a demonic crawler
   198 | D        | Reached *** piety under Okawaru
   199 | D        | Reached skill level 23 in Stealth
   199 | D        | Reached XP level 9. HP: 45/45 MP: 10/10
   199 | D        | Killed a demonic crawler
   221 | D        | Noticed a lindwurm
   223 | D        | Killed a lindwurm
   224 | D        | Reached skill level 24 in Stealth
   421 | D        | Noticed Sonja
   425 | D        | Killed Sonja
   425 | D        | Reached **** piety under Okawaru
   426 | D        | Reached skill level 25 in Stealth
   438 | D        | Noticed a deep troll
   442 | D        | Killed a deep troll
   443 | D        | Reached skill level 10 in Throwing
   443 | D        | Reached skill level 26 in Stealth
   443 | D        | Reached XP level 10. HP: 50/50 MP: 11/11
   452 | D        | Found Qaffajakoe's Armour Emporium.
   470 | D        | Found Zucitzu's Armour Boutique.
  1227 | D        | Received a gift from Okawaru
  1278 | D        | Reached skill level 27 in Stealth
  1432 | D        | Reached ***** piety under Okawaru
  1607 | D        | Reached skill level 5 in Dodging
  1621 | D        | Received a gift from Okawaru
  1622 | D        | Reached skill level 5 in Fighting
  1999 | D        | Noticed a 12-headed hydra
  2001 | D        | Killed a 12-headed hydra
  2004 | D        | Paralysed by a floating eye for 4 turns
  2026 | D        | Noticed a daeva
  2037 | D        | Received a gift from Okawaru
  2498 | D        | Bought a +2 cloak of willpower for 236 gold pieces
  2498 | D        | Bought a +1 buckler of protection for 181 gold pieces
  2521 | D        | Noticed a centaur warrior
  2521 | D        | Noticed a centaur warrior
  2529 | D        | Killed a centaur warrior
  2644 | D        | Reached XP level 11. HP: 52/58 MP: 9/12
  2648 | D        | Noticed an oklob plant
  2650 | D        | Killed an oklob plant
  2651 | D        | Reached skill level 10 in Short Blades
  2788 | D        | Identified the +2 glaive "Qypnus" {vorpal, rPois rN+++
                  | Will- Int-4}
  2791 | D        | Reached skill level 10 in Dodging
  2867 | D        | Received a gift from Okawaru
  2897 | D        | Found Jote's Magic Scroll Shoppe.
  2897 | D        | Found Adghup's Jewellery Shop.
  2897 | D        | Found Syis's Armour Boutique.
  2899 | D        | Found Xiataxiq's Assorted Antiques.
  2899 | D        | Found Wymicwah's Magic Scroll Shop.
  2899 | D        | Found Qaak Hish's Book Shoppe.
  2899 | D        | Found Wuduprom's Magic Scroll Boutique.
  2899 | D        | Found Ygeikkoz's Armour Emporium.
  2899 | D        | Found Tedithin's Distillery.
  2899 | D        | Found Niwnuw's Jewellery Shoppe.
  2903 | D        | Found Febub's Antique Armour Boutique.
  2904 | D        | Found Meitek's Antique Weapon Emporium.
  2904 | D        | Found Sidoit's Antique Weapon Boutique.
  2905 | D        | Found Petutzu's Antique Armour Emporium.
  2910 | D        | Bought the ring of Otaklego {rElec rF+ Int+6 Dex-5 Stlth+}
                  | for 570 gold pieces
  2915 | D        | Bought an embroidered hat for 119 gold pieces
  2915 | D        | Bought an embroidered scarf for 136 gold pieces
  2915 | D        | Bought an embroidered robe for 62 gold pieces
  2936 | D        | Bought a scroll of acquirement for 728 gold pieces
  2936 | D        | Acquired 779 gold pieces
  2945 | D        | Bought a scroll of acquirement for 676 gold pieces
  2945 | D        | Acquired the ring of the Leaf {rF+ rC+ Dex+4}
  2998 | D        | Killed a centaur warrior
  2998 | D        | Reached ****** piety under Okawaru
  3123 | D        | Noticed a shadow dragon
  3124 | D        | Noticed a golden dragon
  3128 | D        | Killed a shadow dragon
  3128 | D        | Received a gift from Okawaru
  3129 | D        | Reached skill level 1 in Shields
  3130 | D        | Killed a golden dragon
  3130 | D        | Identified the +7 rapier of the Present {freeze, rF+}
                  | (Okawaru gifted it to you in the Dungeon)
  3130 | D        | Received a gift from Okawaru
  3131 | D        | Reached XP level 12. HP: 66/66 MP: 13/13
  3131 | D        | Identified the ring of Irayled {rC+ Int+6 Dex+5}
  3138 | D        | Identified the +2 short sword of the Pure Yaks {vamp, rPois
                  | rCorr}
  3200 | D        | Found Rurur's Distillery.
  3217 | D        | Bought a potion of invisibility for 96 gold pieces
  3217 | D        | Bought a potion of haste for 120 gold pieces
  3217 | D        | Bought a potion of might for 48 gold pieces
  3241 | D        | Noticed a deep elf annihilator
  3286 | D        | Killed a deep elf annihilator
  3337 | D        | Noticed a mummy priest
  3358 | D        | Received a gift from Okawaru
  3559 | D        | Noticed a fire giant
  3562 | D        | Noticed a fire giant
  3563 | D        | Noticed a fire giant
  3564 | D        | Noticed a fire giant
  3566 | D        | Killed a fire giant
  3568 | D        | Killed a fire giant
  3568 | D        | Received a gift from Okawaru
  3571 | D        | Killed a fire giant
  3577 | D        | Killed a fire giant
  3577 | D        | Received a gift from Okawaru
  3577 | D        | Received a gift from Okawaru
  3578 | D        | Reached skill level 10 in Fighting
  3578 | D        | Reached skill level 15 in Dodging
  3598 | D        | Found the +4 dragonskin cloak
  3598 | D        | Noticed Tiamat
  3665 | D        | Noticed the 27-headed Lernaean hydra
  3675 | D        | Killed the 27-headed Lernaean hydra
  3676 | D        | Reached skill level 15 in Throwing
  3676 | D        | Noticed a deep elf master archer
  4160 | D        | Killed a deep elf master archer
  4161 | D        | Reached skill level 1 in Evocations
  4431 | D        | Bought a scroll of enchant weapon for 105 gold pieces
  4431 | D        | Bought a scroll of enchant armour for 105 gold pieces
  4431 | D        | Bought a scroll of summoning for 133 gold pieces
  4431 | D        | Bought 2 scrolls of summoning for 266 gold pieces
  4433 | D        | Bought a scroll of enchant weapon for 90 gold pieces
  4433 | D        | Bought a scroll of blinking for 90 gold pieces
  4434 | D        | Bought 2 potions of curing for 114 gold pieces
  4436 | D        | Bought a scroll of silence for 97 gold pieces
  4505 | D        | Gained mutation: Your magical capacity is low. (-10% MP) [a
                  | shining eye]
  4512 | D        | Found Gioful's Distillery.
  4513 | D        | Paralysed by a floating eye for 3 turns
  4518 | D        | Reached XP level 13. HP: 74/74 MP: 12/12
  4518 | D        | Found Qirix's Distillery.
  4518 | D        | Gained mutation: You sometimes lose the ability to read
                  | scrolls when taking damage. [a shining eye]
  4520 | D        | Received a gift from Okawaru
  4520 | D        | Gained mutation: You are partially covered in iridescent
                  | scales. (AC +2) [a shining eye]
  4522 | D        | Found Ecantiezazung's Magic Scroll Shoppe.
  4522 | D        | Found Juasoene's Assorted Antiques.
  4523 | D        | Gained mutation: You occasionally shout uncontrollably at
                  | your foes. [a shining eye]
  4529 | D        | Bought a scroll of enchant weapon for 82 gold pieces
  4529 | D        | Bought a scroll of acquirement for 572 gold pieces
  4529 | D        | Bought a scroll of acquirement for 572 gold pieces
  4529 | D        | Bought a scroll of blinking for 82 gold pieces
  4538 | D        | Bought a potion of flight for 39 gold pieces
  4540 | D        | Bought a potion of flight for 36 gold pieces
  4540 | D        | Bought 2 potions of haste for 240 gold pieces
  4542 | D        | Bought a potion of heal wounds for 65 gold pieces
  4542 | D        | Bought a potion of heal wounds for 65 gold pieces
  4542 | D        | Bought a potion of heal wounds for 65 gold pieces
  4549 | D        | Bought a scroll of silence for 180 gold pieces
  4549 | D        | Bought 2 potions of curing for 144 gold pieces
  4549 | D        | Bought a scroll of enchant weapon for 180 gold pieces
  4555 | D        | Acquired the +7 quick blade of Deformation {elec, rPois rF+
                  | Str+4}
  4556 | D        | Acquired the +3 quick blade of Ostraufer {antimagic, +Rage}
  4561 | D        | Paralysed by a floating eye for 3 turns
  4562 | D        | Gained mutation: Your spells are a little easier to cast,
                  | but a little less powerful. [a shining eye]
  4567 | D        | Gained mutation: You do not regenerate when monsters are
                  | visible. [a shining eye]
  4583 | D        | Paralysed by a floating eye for 4 turns
  4586 | D        | Gained mutation: You are clumsy. (Dex -2) [a shining eye]
  4600 | D        | Lost mutation: You sometimes lose the ability to read
                  | scrolls when taking damage. [a shining eye]
  4602 | D        | Paralysed by a floating eye for 2 turns
  4636 | D        | Bought a +2 robe of cold resistance for 194 gold pieces
  4736 | D        | Noticed Lom Lobon
  4893 | D        | Identified the ring of Xulizar {+Blink rPois MP+9 SInv
                  | Stlth+}
  4907 | D        | Got Sif Muna's Handbook of Flight
  4981 | D        | Killed Lom Lobon
  4981 | D        | Received a gift from Okawaru
  4981 | D        | Received a gift from Okawaru
  4981 | D        | Received a gift from Okawaru
  4981 | D        | Received a gift from Okawaru
  4982 | D        | Reached skill level 15 in Short Blades
  4982 | D        | Reached skill level 5 in Shields
  4995 | D        | Engulfed by a cloud of foul pestilence

Illustrated notes

Levels and vault maps discovered:
D:        dungeon_sprint_1 [red_sonja_temple_1, red_sonja_temple_small_1]

Skill      XL: |  1  2  3  4  5  6  7  8  9 10 11 12 13 |
---------------+----------------------------------------+-----
Stealth        | 9 13 15 16 19 21 23 26 27 | 27.0
Fighting       | 2 3 4 6 9 11 12 | 12.1
Short Blades   | 3 4 5 6 7 9 12 14 15 | 15.6
Throwing       | 3 5 6 8 10 12 13 15 18 | 18.0
Dodging        | 2 3 4 8 13 16 17 | 17.8
Shields        | 2 3 5 |  5.1
Evocations     | 2 4 |  4.1

Action                   |  1- 3 |  4- 6 |  7- 9 | 10-12 | 13-15 || total
-------------------------+-------+-------+-------+-------+-------++-------
Melee: Dagger            |     1 |     4 |    21 |   259 |       ||   285
       Rapier            |       |       |       |    39 |       ||    39
       Short sword       |       |       |       |     4 |     1 ||     5
       Quick blade       |       |       |       |       |    48 ||    48
Throw: Dart              |     8 |     3 |       |    21 |     9 ||    41
Evoke: Wand              |       |       |       |     5 |       ||     5
  Use: Potion            |       |       |       |     1 |     8 ||     9
       Scroll            |       |       |       |     2 |     7 ||     9
 Stab: Sleeping          |     1 |     3 |    10 |    33 |     2 ||    49
       Distracted        |       |       |       |     3 |       ||     3
       Invisible         |       |       |       |     2 |     9 ||    11
Armor: Robe              |       |       |       |    14 |     1 ||    15
Dodge: Dodged            |     4 |     2 |     6 |   143 |     6 ||   161
Block: Buckler           |       |       |       |    18 |     2 ||    20
